Predators vs Flyers

Created - December 5 2011 at 18:02

Goals
1 2 3 OT1 T
Predators 0 1 2 0 3
Flyers 1 2 0 1 4
Shots
1 2 3 OT1 T
Predators 10 13 14 0 37
Flyers 9 14 8 1 32

Period #1

1. Flyers , Lee Stempniak 8 (Rostislav Klesla, Randy Jones) at 15:56

Penalties :
Niklas Hagman (PHI) for Roughing (Minor) at 1:04, Lee Stempniak (PHI) for Roughing (Minor) at 9:02, Jeff Carter (NSH) for Tripping (Minor) at 13:34

Period #2

2. Flyers , Radim Vrbata 11 (Andrei Markov, Tim Connolly) at 9:28
3. Flyers , Lee Stempniak 9 (Niklas Hagman, Brendan Morrison) at 17:50
4. Predators , Paul Gaustad 3 (Jeff Woywitka, Simon Gagne) at 18:25

Penalties :
Rostislav Klesla (PHI) for High sticking (Minor) at 0:33, Shea Weber (NSH) for Hooking (Minor) at 3:08, Kevin Bieksa (PHI) for Hooking (Minor) at 11:42, Shea Weber (NSH) for Boarding (Minor) at 15:14, Zbynek Michalek (NSH) for Tripping (Minor) at 15:48, Shea Weber (NSH) for Roughing (Minor) at 18:34

Period #3

5. Predators , Steven Stamkos 26 (Tomas Kaberle) at 2:19 (PP)
6. Predators , Nicklas Backstrom 17 (Jeff Carter, Marian Gaborik) at 13:58

Penalties :
Lee Stempniak (PHI) for Tripping (Minor) at 1:43, Jeff Woywitka (NSH) for High sticking (Minor) at 3:02, Pascal Dupuis (PHI) for Tripping (Minor) at 4:52, Braydon Coburn (NSH) for Hooking (Minor) at 11:25, Kevin Bieksa (PHI) for Fighting (Major) at 17:36, Braydon Coburn (NSH) for Fighting (Major) at 17:36

Overtime #1

7. Flyers , Rostislav Klesla 5 (Pascal Dupuis, Tim Connolly) at 1:20

Penalties :
No Penalty

Goalie Stats

Pekka Rinne (NSH), 28 saves from 32 shots - (0.875), OTL, 18-8-3, 61:21 minutes
Tomas Vokoun (PHI), 34 saves from 37 shots - (0.919), W, 15-10-2, 61:21 minutes

Players Stats

Predators
Player Name              G  A  P  +/- PIM S  H  SB FO    MP 
------------------------------------------------------------
Brandon Prust            0  0  0   0  0   0  0  0  0/0   5  
Braydon Coburn           0  0  0   0  7   1  1  0  0/0   19 
Brent Burns              0  0  0  -1  0   1  0  3  0/0   22 
Chad LaRose              0  0  0   0  0   0  1  0  0/3   10 
Jeff Carter              0  1  1  -1  2   2  0  0  1/1   16 
Jeff Woywitka            0  1  1   0  2   0  1  0  0/0   17 
Marian Gaborik           0  1  1  -2  0   2  0  0  0/0   16 
Mikhail Grabovski        0  0  0  -1  0   1  0  1  12/23 15 
Nicklas Backstrom        1  0  1  -2  0   3  1  1  13/17 16 
Patric Hornqvist         0  0  0   0  0   1  2  0  1/2   15 
Paul Gaustad             1  0  1   0  0   4  0  1  17/29 18 
Shea Weber               0  0  0  -1  6   3  3  0  0/0   23 
Simon Gagne              0  1  1   0  0   4  0  0  0/0   18 
Steven Stamkos           1  0  1   0  0   10 3  0  1/3   16 
T.J. Galiardi            0  0  0   0  0   1  0  1  11/17 11 
Tomas Kaberle            0  1  1  -1  0   2  0  0  0/0   22 
Wayne Simmonds           0  0  0   0  0   2  1  0  0/1   13 
Zbynek Michalek          0  0  0   0  2   0  1  0  0/0   19 
Flyers
Player Name              G  A  P  +/- PIM S  H  SB FO    MP 
------------------------------------------------------------
Andrei Markov            0  1  1   1  0   3  0  3  0/0   23 
Andrej Sekera            0  0  0   0  0   3  3  3  0/0   24 
Brandon McMillan         0  0  0   0  0   0  1  0  0/1   5  
Brendan Morrison         0  1  1   0  0   1  0  0  10/27 21 
Chris Pronger            0  0  0   0  0   0  0  0  0/0   0  
Justin Williams          0  0  0   0  0   5  0  1  2/4   24 
Kevin Bieksa             0  0  0   0  7   2  4  0  0/0   20 
Kyle Brodziak            0  0  0   0  0   0  0  0  2/6   4  
Ladislav Smid            0  0  0   0  0   0  1  4  0/0   25 
Lee Stempniak            2  0  2   1  4   3  1  0  0/0   13 
Niklas Hagman            0  1  1   1  2   2  0  0  0/0   14 
Pascal Dupuis            0  1  1   1  2   3  6  0  0/0   19 
Petr Prucha              0  0  0   1  0   0  1  0  9/20  13 
Radim Vrbata             1  0  1   0  0   5  0  0  0/1   20 
Raffi Torres             0  0  0   0  0   1  3  0  2/2   17 
Randy Jones              0  1  1   1  0   1  0  1  0/0   15 
Rostislav Klesla         1  1  2   2  2   2  2  0  0/0   15 
Tim Connolly             0  2  2   1  0   1  1  0  15/35 23 

3 Stars

1 - Rostislav Klesla (PHI)
2 - Lee Stempniak (PHI)
3 - Steven Stamkos (NSH)

Power Play

Predators - 1 on 6 Attempt(s) - 16.67%
Flyers - 0 on 7 Attempt(s) - 0.00%

Penalty Kill

Predators - 7 on 7 Attempt(s) - 100.00% - Score 0 goal in Penalty Kill
Flyers - 5 on 6 Attempt(s) - 83.33% - Score 0 goal in Penalty Kill

Game Notes

Braydon Coburn beats up Kevin Bieksa at 17:36 of 3rd period

Finance

Level 1 -- Attendance: 4633 (71.28%) -- Ticket Income $440,135.00
Level 2 -- Attendance: 4119 (82.38%) -- Ticket Income $222,426.00
Level 3 -- Attendance: 2652 (75.77%) -- Ticket Income $92,820.00
Level 4 -- Attendance: 2899 (81.96%) -- Ticket Income $43,485.00
Luxury Box -- Attendance: 856 (85.60%) -- Ticket Income $164,352.00
Game was played at the Wells Fargo Center
Total Attendance: 15159 (77.59%)
Total Ticket Income: $1,005,371.00
Other Income: $195,308.10
Total Income: $1,200,679.00


Play by Play

Period #1

0:01 of 1st period - Nicklas Backstrom wins face-off versus Brendan Morrison in neutral zone.
0:13 of 1st period - Shot by Pascal Dupuis.
0:13 of 1st period - Shot Hit the Post.
0:43 of 1st period - Shot by Pascal Dupuis.
0:43 of 1st period - Stopped by Pekka Rinne without a rebound.
0:44 of 1st period - Mikhail Grabovski wins face-off versus Tim Connolly in Predators zone.
0:59 of 1st period - Shot by Raffi Torres.
0:59 of 1st period - Stopped by Pekka Rinne with a rebound.
1:01 of 1st period - Shot by Andrej Sekera.
1:01 of 1st period - Stopped by Pekka Rinne without a rebound.
1:02 of 1st period - Paul Gaustad wins face-off versus Petr Prucha in Predators zone.
1:04 of 1st period - Minor Penalty to Niklas Hagman for Roughing.
1:05 of 1st period - Tim Connolly wins face-off versus Mikhail Grabovski in Flyers zone.
2:30 of 1st period - Shot by Marian Gaborik.
2:30 of 1st period - Deflect By Jeff Carter.
2:30 of 1st period - Shot Blocked by Andrej Sekera.
3:31 of 1st period - Paul Gaustad is hit by Rostislav Klesla and loses puck.
4:02 of 1st period - Icing by Lee Stempniak.
4:03 of 1st period - Petr Prucha wins face-off versus Patric Hornqvist in Flyers zone.
5:07 of 1st period - Shot by Tim Connolly.
5:07 of 1st period - Stopped by Pekka Rinne with a rebound.
5:14 of 1st period - Off-side.
5:15 of 1st period - Paul Gaustad wins face-off versus Kyle Brodziak in neutral zone.
5:28 of 1st period - Zbynek Michalek is hit by Brandon McMillan and loses puck.
6:05 of 1st period - Shot by Radim Vrbata.
6:05 of 1st period - Stopped by Pekka Rinne without a rebound.
6:06 of 1st period - Petr Prucha wins face-off versus Mikhail Grabovski in Predators zone.
6:21 of 1st period - Off-side.
6:22 of 1st period - Tim Connolly wins face-off versus Nicklas Backstrom in neutral zone.
7:32 of 1st period - Shot by Steven Stamkos.
7:32 of 1st period - Stopped by Tomas Vokoun with a rebound.
7:50 of 1st period - Shot by Randy Jones.
7:50 of 1st period - Stopped by Pekka Rinne without a rebound.
7:51 of 1st period - Paul Gaustad wins face-off versus Brendan Morrison in Predators zone.
8:02 of 1st period - Shot by Paul Gaustad.
8:02 of 1st period - Stopped by Tomas Vokoun without a rebound.
8:03 of 1st period - Brendan Morrison wins face-off versus Paul Gaustad in Flyers zone.
8:20 of 1st period - Zbynek Michalek is hit by Pascal Dupuis and loses puck.
8:59 of 1st period - Icing by Zbynek Michalek.
9:00 of 1st period - Paul Gaustad wins face-off versus Petr Prucha in Predators zone.
9:02 of 1st period - Minor Penalty to Lee Stempniak for Roughing.
9:03 of 1st period - Nicklas Backstrom wins face-off versus Tim Connolly in Flyers zone.
9:27 of 1st period - Off-side.
9:28 of 1st period - Mikhail Grabovski wins face-off versus Tim Connolly in neutral zone.
9:33 of 1st period - Pascal Dupuis is hit by Steven Stamkos and loses puck.
9:50 of 1st period - Shot by Steven Stamkos.
9:50 of 1st period - Shot Blocked by Ladislav Smid.
9:52 of 1st period - Shot by Tomas Kaberle.
9:52 of 1st period - Shot Misses the Net.
9:54 of 1st period - Shot by Patric Hornqvist.
9:54 of 1st period - Shot Misses the Net.
9:56 of 1st period - Shot by Steven Stamkos.
9:56 of 1st period - Stopped by Tomas Vokoun without a rebound.
9:57 of 1st period - Nicklas Backstrom wins face-off versus Tim Connolly in Flyers zone.
10:37 of 1st period - Shot by Brent Burns.
10:37 of 1st period - Shot Misses the Net.
10:39 of 1st period - Shot by Jeff Carter.
10:39 of 1st period - Stopped by Tomas Vokoun without a rebound.
10:40 of 1st period - Patric Hornqvist wins face-off versus Tim Connolly in Flyers zone.
10:53 of 1st period - Shot by Steven Stamkos.
10:53 of 1st period - Shot Misses the Net.
10:55 of 1st period - Shot by Tomas Kaberle.
10:55 of 1st period - Shot Misses the Net.
10:59 of 1st period - Shot by Shea Weber.
10:59 of 1st period - Stopped by Tomas Vokoun without a rebound.
11:00 of 1st period - Mikhail Grabovski wins face-off versus Radim Vrbata in Flyers zone.
11:18 of 1st period - Shot by Simon Gagne.
11:18 of 1st period - Stopped by Tomas Vokoun without a rebound.
11:19 of 1st period - T.J. Galiardi wins face-off versus Petr Prucha in Flyers zone.
11:30 of 1st period - Icing by Tomas Kaberle.
11:31 of 1st period - T.J. Galiardi wins face-off versus Tim Connolly in Predators zone.
12:02 of 1st period - Andrei Markov is hit by Chad LaRose and loses puck.
12:42 of 1st period - Shot by Steven Stamkos.
12:42 of 1st period - Shot Misses the Net.
13:31 of 1st period - Shot by Paul Gaustad.
13:31 of 1st period - Stopped by Tomas Vokoun without a rebound.
13:32 of 1st period - Nicklas Backstrom wins face-off versus Brendan Morrison in Flyers zone.
13:33 of 1st period - Shot by Jeff Carter.
13:33 of 1st period - Shot Misses the Net.
13:34 of 1st period - Minor Penalty to Jeff Carter for Tripping.
13:35 of 1st period - Brendan Morrison wins face-off versus Paul Gaustad in Predators zone.
13:35 of 1st period - Justin Williams is hit by Jeff Woywitka and loses puck.
13:48 of 1st period - Simon Gagne is hit by Pascal Dupuis and loses puck.
14:01 of 1st period - Shot by Kevin Bieksa.
14:01 of 1st period - Shot Misses the Net.
14:03 of 1st period - Shot by Kevin Bieksa.
14:03 of 1st period - Stopped by Pekka Rinne without a rebound.
14:04 of 1st period - Tim Connolly wins face-off versus Chad LaRose in Predators zone.
14:38 of 1st period - Icing by Radim Vrbata.
14:39 of 1st period - T.J. Galiardi wins face-off versus Tim Connolly in Flyers zone.
15:22 of 1st period - Shot by Justin Williams.
15:22 of 1st period - Stopped by Pekka Rinne without a rebound.
15:23 of 1st period - T.J. Galiardi wins face-off versus Brendan Morrison in Predators zone.
15:56 of 1st period - Shot by Lee Stempniak.
15:56 of 1st period - Goal by Lee Stempniak - Predators : 0 - Flyers : 1.
15:57 of 1st period - Tim Connolly wins face-off versus Mikhail Grabovski in neutral zone.
15:57 of 1st period - Tim Connolly is hit by Patric Hornqvist.
16:05 of 1st period - Off-side.
16:06 of 1st period - T.J. Galiardi wins face-off versus Kyle Brodziak in neutral zone.
16:21 of 1st period - Shot by T.J. Galiardi.
16:21 of 1st period - Stopped by Tomas Vokoun without a rebound.
16:22 of 1st period - Raffi Torres wins face-off versus Paul Gaustad in Flyers zone.
16:22 of 1st period - Radim Vrbata is hit by Wayne Simmonds and loses puck.
16:39 of 1st period - Simon Gagne is hit by Andrej Sekera and loses puck.
17:27 of 1st period - Steven Stamkos is hit by Andrej Sekera and loses puck.
17:44 of 1st period - Shot by Mikhail Grabovski.
17:44 of 1st period - Shot Misses the Net.
17:48 of 1st period - Shot by Steven Stamkos.
17:48 of 1st period - Stopped by Tomas Vokoun with a rebound.
17:59 of 1st period - Radim Vrbata is hit by Nicklas Backstrom and loses puck.
18:13 of 1st period - Nicklas Backstrom is hit by Pascal Dupuis and loses puck.
18:23 of 1st period - Icing by Marian Gaborik.
18:24 of 1st period - Nicklas Backstrom wins face-off versus Petr Prucha in Predators zone.
18:33 of 1st period - Shot by Nicklas Backstrom.
18:33 of 1st period - Stopped by Tomas Vokoun without a rebound.
18:34 of 1st period - Paul Gaustad wins face-off versus Kyle Brodziak in Flyers zone.
19:11 of 1st period - Off-side.
19:12 of 1st period - Petr Prucha wins face-off versus Mikhail Grabovski in neutral zone.
19:22 of 1st period - Off-side.
19:23 of 1st period - T.J. Galiardi wins face-off versus Brendan Morrison in neutral zone.
19:41 of 1st period - T.J. Galiardi is hit by Kevin Bieksa and loses puck.
19:53 of 1st period - Chad LaRose is hit by Ladislav Smid and loses puck.

Period #2

0:01 of 2nd period - Nicklas Backstrom wins face-off versus Brendan Morrison in neutral zone.
0:20 of 2nd period - Shot by Justin Williams.
0:20 of 2nd period - Stopped by Pekka Rinne without a rebound.
0:21 of 2nd period - Tim Connolly wins face-off versus Mikhail Grabovski in Predators zone.
0:32 of 2nd period - Shot by Mikhail Grabovski.
0:32 of 2nd period - Stopped by Tomas Vokoun without a rebound.
0:33 of 2nd period - Paul Gaustad wins face-off versus Petr Prucha in Flyers zone.
0:33 of 2nd period - Minor Penalty to Rostislav Klesla for High sticking.
0:34 of 2nd period - Justin Williams wins face-off versus Nicklas Backstrom in Flyers zone.
1:51 of 2nd period - Shot by Tomas Kaberle.
1:51 of 2nd period - Stopped by Tomas Vokoun with a rebound.
1:53 of 2nd period - Shot by Shea Weber.
1:53 of 2nd period - Shot Misses the Net.
1:57 of 2nd period - Shot by Shea Weber.
1:57 of 2nd period - Shot Blocked by Andrej Sekera.
1:59 of 2nd period - Shot by Patric Hornqvist.
1:59 of 2nd period - Shot Misses the Net.
2:01 of 2nd period - Shot by Patric Hornqvist.
2:01 of 2nd period - Shot Misses the Net.
2:03 of 2nd period - Shot by Patric Hornqvist.
2:03 of 2nd period - Shot Blocked by Andrei Markov.
2:05 of 2nd period - Shot by Steven Stamkos.
2:05 of 2nd period - Shot Misses the Net.
2:07 of 2nd period - Shot by Shea Weber.
2:07 of 2nd period - Shot Misses the Net.
2:33 of 2nd period - Shot by Brent Burns.
2:33 of 2nd period - Stopped by Tomas Vokoun with a rebound.
2:35 of 2nd period - Shot by Wayne Simmonds.
2:35 of 2nd period - Stopped by Tomas Vokoun without a rebound.
2:36 of 2nd period - Petr Prucha wins face-off versus Wayne Simmonds in Flyers zone.
2:45 of 2nd period - Shot by Lee Stempniak.
2:45 of 2nd period - Deflect By Niklas Hagman.
2:45 of 2nd period - Shot Misses the Net.
2:51 of 2nd period - Shot by Niklas Hagman.
2:51 of 2nd period - Stopped by Pekka Rinne without a rebound.
2:52 of 2nd period - Kyle Brodziak wins face-off versus T.J. Galiardi in Predators zone.
2:58 of 2nd period - Brandon McMillan is hit by Shea Weber and loses puck.
3:08 of 2nd period - Minor Penalty to Shea Weber for Hooking.
3:09 of 2nd period - Raffi Torres wins face-off versus Paul Gaustad in Predators zone.
4:12 of 2nd period - Shot by Paul Gaustad.
4:12 of 2nd period - Shot Blocked by Justin Williams.
5:41 of 2nd period - Shot by Jeff Carter.
5:41 of 2nd period - Shot Misses the Net.
5:45 of 2nd period - Shot by Jeff Carter.
5:45 of 2nd period - Shot Misses the Net.
5:47 of 2nd period - Shot by Marian Gaborik.
5:47 of 2nd period - Shot Misses the Net.
5:49 of 2nd period - Shot by Marian Gaborik.
5:49 of 2nd period - Shot Misses the Net.
5:51 of 2nd period - Shot by Jeff Carter.
5:51 of 2nd period - Stopped by Tomas Vokoun without a rebound.
5:52 of 2nd period - Mikhail Grabovski wins face-off versus Brandon McMillan in Flyers zone.
5:53 of 2nd period - Shot by Steven Stamkos.
5:53 of 2nd period - Stopped by Tomas Vokoun with a rebound.
6:43 of 2nd period - Shot by Radim Vrbata.
6:43 of 2nd period - Shot Misses the Net.
6:47 of 2nd period - Shot by Radim Vrbata.
6:47 of 2nd period - Stopped by Pekka Rinne without a rebound.
6:48 of 2nd period - Brendan Morrison wins face-off versus Paul Gaustad in Predators zone.
6:51 of 2nd period - Shot by Pascal Dupuis.
6:51 of 2nd period - Shot Misses the Net.
6:53 of 2nd period - Shot by Pascal Dupuis.
6:53 of 2nd period - Shot Misses the Net.
6:57 of 2nd period - Shot by Rostislav Klesla.
6:57 of 2nd period - Stopped by Pekka Rinne without a rebound.
6:58 of 2nd period - Petr Prucha wins face-off versus Chad LaRose in Predators zone.
7:05 of 2nd period - Shot by Niklas Hagman.
7:05 of 2nd period - Shot Misses the Net.
7:09 of 2nd period - Shot by Lee Stempniak.
7:09 of 2nd period - Shot Misses the Net.
7:55 of 2nd period - T.J. Galiardi is hit by Raffi Torres and loses puck.
8:10 of 2nd period - Shot by Tim Connolly.
8:10 of 2nd period - Shot Misses the Net.
8:56 of 2nd period - Shot by Paul Gaustad.
8:56 of 2nd period - Shot Misses the Net.
9:00 of 2nd period - Shot by Simon Gagne.
9:00 of 2nd period - Stopped by Tomas Vokoun without a rebound.
9:01 of 2nd period - Mikhail Grabovski wins face-off versus Petr Prucha in Flyers zone.
9:03 of 2nd period - Steven Stamkos is hit by Kevin Bieksa and loses puck.
9:09 of 2nd period - Steven Stamkos is hit by Kevin Bieksa and loses puck.
9:14 of 2nd period - Shot by Steven Stamkos.
9:14 of 2nd period - Shot Misses the Net.
9:16 of 2nd period - Shot by Steven Stamkos.
9:16 of 2nd period - Stopped by Tomas Vokoun without a rebound.
9:17 of 2nd period - Paul Gaustad wins face-off versus Tim Connolly in Flyers zone.
9:18 of 2nd period - Shot by Jeff Woywitka.
9:18 of 2nd period - Shot Misses the Net.
9:28 of 2nd period - Shot by Radim Vrbata.
9:28 of 2nd period - Goal by Radim Vrbata - Predators : 0 - Flyers : 2.
9:29 of 2nd period - Mikhail Grabovski wins face-off versus Brendan Morrison in neutral zone.
10:23 of 2nd period - Shot by Lee Stempniak.
10:23 of 2nd period - Stopped by Pekka Rinne without a rebound.
10:24 of 2nd period - Tim Connolly wins face-off versus Paul Gaustad in Predators zone.
11:03 of 2nd period - Shot by Radim Vrbata.
11:03 of 2nd period - Shot Misses the Net.
11:29 of 2nd period - Off-side.
11:30 of 2nd period - Nicklas Backstrom wins face-off versus Brendan Morrison in neutral zone.
11:35 of 2nd period - Shot by Nicklas Backstrom.
11:35 of 2nd period - Shot Misses the Net.
11:37 of 2nd period - Shot by Nicklas Backstrom.
11:37 of 2nd period - Shot Blocked by Ladislav Smid.
11:39 of 2nd period - Shot by Marian Gaborik.
11:39 of 2nd period - Shot Misses the Net.
11:41 of 2nd period - Shot by Shea Weber.
11:41 of 2nd period - Deflect By Marian Gaborik.
11:41 of 2nd period - Shot Misses the Net.
11:42 of 2nd period - Minor Penalty to Kevin Bieksa for Hooking.
11:43 of 2nd period - Mikhail Grabovski wins face-off versus Justin Williams in Flyers zone.
11:52 of 2nd period - Shot by Steven Stamkos.
11:52 of 2nd period - Stopped by Tomas Vokoun without a rebound.
11:53 of 2nd period - Nicklas Backstrom wins face-off versus Tim Connolly in Flyers zone.
12:48 of 2nd period - Shot by Steven Stamkos.
12:48 of 2nd period - Shot Misses the Net.
12:50 of 2nd period - Shot by Shea Weber.
12:50 of 2nd period - Stopped by Tomas Vokoun with a rebound.
12:52 of 2nd period - Shot by Steven Stamkos.
12:52 of 2nd period - Shot Blocked by Ladislav Smid.
12:54 of 2nd period - Shot by Shea Weber.
12:54 of 2nd period - Stopped by Tomas Vokoun with a rebound.
12:56 of 2nd period - Shot by Mikhail Grabovski.
12:56 of 2nd period - Shot Misses the Net.
12:58 of 2nd period - Shot by Shea Weber.
12:58 of 2nd period - Shot Misses the Net.
13:16 of 2nd period - Shot by Steven Stamkos.
13:16 of 2nd period - Stopped by Tomas Vokoun with a rebound.
13:18 of 2nd period - Shot by Tomas Kaberle.
13:18 of 2nd period - Shot Misses the Net.
13:41 of 2nd period - Icing by Nicklas Backstrom.
13:42 of 2nd period - Tim Connolly wins face-off versus Paul Gaustad in Predators zone.
13:56 of 2nd period - Icing by Zbynek Michalek.
13:57 of 2nd period - Paul Gaustad wins face-off versus Tim Connolly in Predators zone.
13:57 of 2nd period - Paul Gaustad is hit by Raffi Torres.
14:06 of 2nd period - Icing by Jeff Woywitka.
14:07 of 2nd period - Petr Prucha wins face-off versus Paul Gaustad in Predators zone.
15:14 of 2nd period - Minor Penalty to Shea Weber for Boarding.
15:15 of 2nd period - Tim Connolly wins face-off versus T.J. Galiardi in Predators zone.
15:40 of 2nd period - Shot by Andrei Markov.
15:40 of 2nd period - Stopped by Pekka Rinne without a rebound.
15:41 of 2nd period - Tim Connolly wins face-off versus Paul Gaustad in Predators zone.
15:48 of 2nd period - Shot by Andrej Sekera.
15:48 of 2nd period - Stopped by Pekka Rinne without a rebound.
15:48 of 2nd period - Minor Penalty to Zbynek Michalek for Tripping.
15:49 of 2nd period - Paul Gaustad wins face-off versus Brendan Morrison in Predators zone.
15:49 of 2nd period - Paul Gaustad is hit by Pascal Dupuis.
16:36 of 2nd period - Shot by Andrei Markov.
16:36 of 2nd period - Shot Blocked by Brent Burns.
17:17 of 2nd period - Shot by Justin Williams.
17:17 of 2nd period - Deflect By Pascal Dupuis.
17:17 of 2nd period - Stopped by Pekka Rinne without a rebound.
17:18 of 2nd period - Paul Gaustad wins face-off versus Brendan Morrison in Predators zone.
17:18 of 2nd period - Paul Gaustad is hit by Pascal Dupuis.
17:36 of 2nd period - Shot by Chad LaRose.
17:36 of 2nd period - Shot Misses the Net.
17:50 of 2nd period - Shot by Niklas Hagman.
17:50 of 2nd period - Deflect By Lee Stempniak.
17:50 of 2nd period - Goal by Lee Stempniak - Predators : 0 - Flyers : 3.
17:51 of 2nd period - Petr Prucha wins face-off versus Nicklas Backstrom in neutral zone.
18:04 of 2nd period - Shot by Lee Stempniak.
18:04 of 2nd period - Shot Misses the Net.
18:09 of 2nd period - Off-side.
18:10 of 2nd period - Paul Gaustad wins face-off versus Tim Connolly in neutral zone.
18:25 of 2nd period - Shot by Paul Gaustad.
18:25 of 2nd period - Goal by Paul Gaustad - Predators : 1 - Flyers : 3.
18:26 of 2nd period - Petr Prucha wins face-off versus Nicklas Backstrom in neutral zone.
18:34 of 2nd period - Minor Penalty to Shea Weber for Roughing.
18:35 of 2nd period - T.J. Galiardi wins face-off versus Tim Connolly in Predators zone.
18:46 of 2nd period - Shot by Andrei Markov.
18:46 of 2nd period - Shot Blocked by Paul Gaustad.
19:25 of 2nd period - Shot by Kevin Bieksa.
19:25 of 2nd period - Shot Misses the Net.
19:29 of 2nd period - Shot by Kevin Bieksa.
19:29 of 2nd period - Stopped by Pekka Rinne without a rebound.
19:30 of 2nd period - Brendan Morrison wins face-off versus T.J. Galiardi in Predators zone.
19:35 of 2nd period - Shot by Pascal Dupuis.
19:35 of 2nd period - Shot Misses the Net.
19:37 of 2nd period - Shot by Brendan Morrison.
19:37 of 2nd period - Stopped by Pekka Rinne with a rebound.
19:41 of 2nd period - Shot by Kevin Bieksa.
19:41 of 2nd period - Shot Misses the Net.
19:43 of 2nd period - Shot by Justin Williams.
19:43 of 2nd period - Stopped by Pekka Rinne without a rebound.
19:44 of 2nd period - Tim Connolly wins face-off versus Chad LaRose in Predators zone.
19:49 of 2nd period - Shot by Andrei Markov.
19:49 of 2nd period - Shot Misses the Net.
19:51 of 2nd period - Shot by Radim Vrbata.
19:51 of 2nd period - Shot Misses the Net.
19:55 of 2nd period - Shot by Andrej Sekera.
19:55 of 2nd period - Stopped by Pekka Rinne without a rebound.
19:56 of 2nd period - Paul Gaustad wins face-off versus Brendan Morrison in Predators zone.

Period #3

0:01 of 3rd period - Brendan Morrison wins face-off versus Paul Gaustad in neutral zone.
0:18 of 3rd period - Icing by Brendan Morrison.
0:19 of 3rd period - Paul Gaustad wins face-off versus Brendan Morrison in Flyers zone.
0:37 of 3rd period - Icing by Andrej Sekera.
0:38 of 3rd period - Jeff Carter wins face-off versus Tim Connolly in Flyers zone.
1:18 of 3rd period - Shot by Jeff Carter.
1:18 of 3rd period - Shot Misses the Net.
1:20 of 3rd period - Shot by Tomas Kaberle.
1:20 of 3rd period - Shot Blocked by Andrei Markov.
1:22 of 3rd period - Shot by Tomas Kaberle.
1:22 of 3rd period - Stopped by Tomas Vokoun without a rebound.
1:23 of 3rd period - Mikhail Grabovski wins face-off versus Brendan Morrison in Flyers zone.
1:26 of 3rd period - Shot by Patric Hornqvist.
1:26 of 3rd period - Stopped by Tomas Vokoun without a rebound.
1:27 of 3rd period - Brendan Morrison wins face-off versus Mikhail Grabovski in Flyers zone.
1:27 of 3rd period - Brendan Morrison is hit by Steven Stamkos.
1:38 of 3rd period - Off-side.
1:39 of 3rd period - Petr Prucha wins face-off versus Paul Gaustad in neutral zone.
1:43 of 3rd period - Minor Penalty to Lee Stempniak for Tripping.
1:44 of 3rd period - Justin Williams wins face-off versus Mikhail Grabovski in Flyers zone.
2:05 of 3rd period - Shot by Steven Stamkos.
2:05 of 3rd period - Shot Misses the Net.
2:07 of 3rd period - Shot by Patric Hornqvist.
2:07 of 3rd period - Shot Blocked by Andrei Markov.
2:19 of 3rd period - Shot by Steven Stamkos.
2:19 of 3rd period - Goal by Steven Stamkos - Predators : 2 - Flyers : 3.
2:20 of 3rd period - Paul Gaustad wins face-off versus Petr Prucha in neutral zone.
2:31 of 3rd period - Shot by Paul Gaustad.
2:31 of 3rd period - Deflect By Simon Gagne.
2:31 of 3rd period - Stopped by Tomas Vokoun without a rebound.
2:32 of 3rd period - Paul Gaustad wins face-off versus Brendan Morrison in Flyers zone.
2:32 of 3rd period - Simon Gagne is hit by Kevin Bieksa and loses puck.
3:02 of 3rd period - Minor Penalty to Jeff Woywitka for High sticking.
3:03 of 3rd period - T.J. Galiardi wins face-off versus Tim Connolly in Predators zone.
3:19 of 3rd period - Tim Connolly is hit by Braydon Coburn and loses puck.
4:19 of 3rd period - Icing by Ladislav Smid.
4:20 of 3rd period - Brendan Morrison wins face-off versus T.J. Galiardi in Flyers zone.
4:51 of 3rd period - Zbynek Michalek is hit by Pascal Dupuis.
4:52 of 3rd period - Minor Penalty to Pascal Dupuis for Tripping.
4:53 of 3rd period - Tim Connolly wins face-off versus Steven Stamkos in Flyers zone.
5:35 of 3rd period - Shot by Shea Weber.
5:35 of 3rd period - Shot Blocked by Andrej Sekera.
6:16 of 3rd period - Shot by Marian Gaborik.
6:16 of 3rd period - Stopped by Tomas Vokoun without a rebound.
6:17 of 3rd period - Nicklas Backstrom wins face-off versus Tim Connolly in Flyers zone.
6:40 of 3rd period - Shot by Marian Gaborik.
6:40 of 3rd period - Shot Blocked by Ladislav Smid.
6:42 of 3rd period - Shot by Nicklas Backstrom.
6:42 of 3rd period - Stopped by Tomas Vokoun without a rebound.
6:43 of 3rd period - Tim Connolly wins face-off versus Mikhail Grabovski in Flyers zone.
7:53 of 3rd period - Shot by Radim Vrbata.
7:53 of 3rd period - Stopped by Pekka Rinne with a rebound.
7:55 of 3rd period - Shot by Andrei Markov.
7:55 of 3rd period - Stopped by Pekka Rinne without a rebound.
7:56 of 3rd period - Brendan Morrison wins face-off versus Mikhail Grabovski in Predators zone.
7:57 of 3rd period - Shot by Justin Williams.
7:57 of 3rd period - Shot Blocked by Brent Burns.
8:25 of 3rd period - Pascal Dupuis is hit by Patric Hornqvist and loses puck.
8:58 of 3rd period - Shot by Jeff Carter.
8:58 of 3rd period - Shot Misses the Net.
9:02 of 3rd period - Shot by Marian Gaborik.
9:02 of 3rd period - Stopped by Tomas Vokoun without a rebound.
9:03 of 3rd period - T.J. Galiardi wins face-off versus Petr Prucha in Flyers zone.
9:04 of 3rd period - Shot by Chad LaRose.
9:04 of 3rd period - Shot Blocked by Randy Jones.
9:25 of 3rd period - Icing by Randy Jones.
9:26 of 3rd period - Nicklas Backstrom wins face-off versus Petr Prucha in Flyers zone.
9:42 of 3rd period - Lee Stempniak is hit by Shea Weber.
9:51 of 3rd period - Icing by Tomas Kaberle.
9:52 of 3rd period - Nicklas Backstrom wins face-off versus Tim Connolly in Predators zone.
9:52 of 3rd period - Nicklas Backstrom is hit by Raffi Torres.
10:16 of 3rd period - Shot by Paul Gaustad.
10:16 of 3rd period - Stopped by Tomas Vokoun with a rebound.
10:20 of 3rd period - Shot by Wayne Simmonds.
10:20 of 3rd period - Stopped by Tomas Vokoun with a rebound.
10:27 of 3rd period - Simon Gagne is hit by Andrej Sekera and loses puck.
10:30 of 3rd period - Shot by Simon Gagne.
10:30 of 3rd period - Stopped by Tomas Vokoun without a rebound.
10:31 of 3rd period - Mikhail Grabovski wins face-off versus Brendan Morrison in Flyers zone.
10:42 of 3rd period - Shot by Steven Stamkos.
10:42 of 3rd period - Stopped by Tomas Vokoun without a rebound.
10:43 of 3rd period - Paul Gaustad wins face-off versus Kyle Brodziak in Flyers zone.
10:49 of 3rd period - Justin Williams is hit by Zbynek Michalek.
11:11 of 3rd period - Icing by Justin Williams.
11:12 of 3rd period - Kyle Brodziak wins face-off versus Mikhail Grabovski in Flyers zone.
11:12 of 3rd period - Kyle Brodziak is hit by Steven Stamkos.
11:25 of 3rd period - Minor Penalty to Braydon Coburn for Hooking.
11:26 of 3rd period - Tim Connolly wins face-off versus T.J. Galiardi in Predators zone.
11:39 of 3rd period - Shot by Andrei Markov.
11:39 of 3rd period - Stopped by Pekka Rinne without a rebound.
11:40 of 3rd period - T.J. Galiardi wins face-off versus Brendan Morrison in Predators zone.
12:04 of 3rd period - Shot by Brendan Morrison.
12:04 of 3rd period - Shot Misses the Net.
12:06 of 3rd period - Shot by Justin Williams.
12:06 of 3rd period - Stopped by Pekka Rinne without a rebound.
12:07 of 3rd period - T.J. Galiardi wins face-off versus Tim Connolly in Predators zone.
12:37 of 3rd period - Shot by Radim Vrbata.
12:37 of 3rd period - Stopped by Pekka Rinne without a rebound.
12:38 of 3rd period - Paul Gaustad wins face-off versus Brendan Morrison in Predators zone.
12:47 of 3rd period - Shot by Kevin Bieksa.
12:47 of 3rd period - Shot Misses the Net.
12:49 of 3rd period - Shot by Justin Williams.
12:49 of 3rd period - Shot Misses the Net.
12:51 of 3rd period - Shot by Justin Williams.
12:51 of 3rd period - Stopped by Pekka Rinne without a rebound.
12:52 of 3rd period - Tim Connolly wins face-off versus T.J. Galiardi in Predators zone.
12:53 of 3rd period - Shot by Radim Vrbata.
12:53 of 3rd period - Shot Blocked by T.J. Galiardi.
12:55 of 3rd period - Shot by Raffi Torres.
12:55 of 3rd period - Shot Misses the Net.
13:05 of 3rd period - Shot by Radim Vrbata.
13:05 of 3rd period - Shot Misses the Net.
13:07 of 3rd period - Shot by Andrej Sekera.
13:07 of 3rd period - Shot Blocked by Brent Burns.
13:54 of 3rd period - Shot by Jeff Carter.
13:54 of 3rd period - Deflect By Marian Gaborik.
13:54 of 3rd period - Shot Misses the Net.
13:58 of 3rd period - Shot by Nicklas Backstrom.
13:58 of 3rd period - Goal by Nicklas Backstrom - Predators : 3 - Flyers : 3.
13:59 of 3rd period - Brendan Morrison wins face-off versus Paul Gaustad in neutral zone.
14:08 of 3rd period - Shot by Wayne Simmonds.
14:08 of 3rd period - Shot Misses the Net.
14:43 of 3rd period - Off-side.
14:44 of 3rd period - Mikhail Grabovski wins face-off versus Tim Connolly in neutral zone.
14:57 of 3rd period - Shot by Steven Stamkos.
14:57 of 3rd period - Stopped by Tomas Vokoun without a rebound.
14:58 of 3rd period - Nicklas Backstrom wins face-off versus Petr Prucha in Flyers zone.
14:58 of 3rd period - Shea Weber is hit by Rostislav Klesla and loses puck.
15:08 of 3rd period - Lee Stempniak is hit by Shea Weber and loses puck.
15:13 of 3rd period - Shot by Lee Stempniak.
15:13 of 3rd period - Shot Misses the Net.
15:17 of 3rd period - Shot by Niklas Hagman.
15:17 of 3rd period - Stopped by Pekka Rinne without a rebound.
15:18 of 3rd period - Tim Connolly wins face-off versus Steven Stamkos in Predators zone.
15:31 of 3rd period - Shot by Brent Burns.
15:31 of 3rd period - Shot Misses the Net.
15:33 of 3rd period - Shot by Braydon Coburn.
15:33 of 3rd period - Shot Misses the Net.
15:35 of 3rd period - Shot by Braydon Coburn.
15:35 of 3rd period - Stopped by Tomas Vokoun without a rebound.
15:36 of 3rd period - Brendan Morrison wins face-off versus Mikhail Grabovski in Flyers zone.
15:41 of 3rd period - Shot by Pascal Dupuis.
15:41 of 3rd period - Stopped by Pekka Rinne without a rebound.
15:42 of 3rd period - Nicklas Backstrom wins face-off versus Petr Prucha in Predators zone.
15:42 of 3rd period - Nicklas Backstrom is hit by Lee Stempniak.
16:07 of 3rd period - Shea Weber is hit by Petr Prucha and loses puck.
16:12 of 3rd period - Shot by Jeff Carter.
16:12 of 3rd period - Shot Misses the Net.
16:14 of 3rd period - Shot by Nicklas Backstrom.
16:14 of 3rd period - Deflect By Jeff Carter.
16:14 of 3rd period - Shot Misses the Net.
16:16 of 3rd period - Shot by Shea Weber.
16:16 of 3rd period - Shot Misses the Net.
16:20 of 3rd period - Shot by Marian Gaborik.
16:20 of 3rd period - Shot Misses the Net.
17:36 of 3rd period - Braydon Coburn beats up Kevin Bieksa.
17:36 of 3rd period - Penalty to Kevin Bieksa for Fighting.
17:36 of 3rd period - Penalty to Braydon Coburn for Fighting.
17:37 of 3rd period - Mikhail Grabovski wins face-off versus Tim Connolly in Flyers zone.
17:49 of 3rd period - Icing by Andrei Markov.
17:50 of 3rd period - Mikhail Grabovski wins face-off versus Tim Connolly in Flyers zone.
17:51 of 3rd period - Shot by Steven Stamkos.
17:51 of 3rd period - Shot Misses the Net.
19:19 of 3rd period - Marian Gaborik is hit by Tim Connolly and loses puck.

Overtime #1

0:01 of 1st overtime period - Steven Stamkos wins face-off versus Justin Williams in neutral zone.
0:20 of 1st overtime period - Shot by Jeff Carter.
0:20 of 1st overtime period - Shot Misses the Net.
1:16 of 1st overtime period - Shot by Pascal Dupuis.
1:16 of 1st overtime period - Shot Blocked by Mikhail Grabovski.
1:18 of 1st overtime period - Shot by Tim Connolly.
1:18 of 1st overtime period - Deflect By Pascal Dupuis.
1:18 of 1st overtime period - Shot Blocked by Nicklas Backstrom.
1:20 of 1st overtime period - Shot by Rostislav Klesla.
1:20 of 1st overtime period - Goal by Rostislav Klesla - Predators : 3 - Flyers : 4.


Output by the SimonT Hockey Simulator (STHS) for Stephane Roy -- Original Page W3C XHTML 1.0 Valid